 Dungeon Crawl Stone Soup version 0.27-a0-1140-g099f9bb0e8 (webtiles) character file.

Game seed: 2719710585081443004

20689 lorenzova the Thaumaturge (level 12, 0/59 HPs)
             Began as a Deep Elf Conjurer on May 9, 2021.
             Was a Priest of Vehumet.
             Slain by a boulder beetle (59 damage)
             ... on level 3 of the Lair of Beasts.
             The game lasted 00:51:49 (17950 turns).

lorenzova the Thaumaturge (Deep Elf Conjurer)      Turns: 17950, Time: 00:51:50

Health: 0/59       AC:  9    Str:  8    XL:     12   Next: 47%
Magic:  15/32      EV: 12    Int: 32    God:    Vehumet [***...]
Gold:   162        SH:  5    Dex: 13    Spells: 11/40 levels left

rFire    + + .     SeeInvis +   L - staff of air
rCold    + . .     Faith    .   (no shield)
rNeg     . . .     Spirit   .   A - +2 robe {rC+ rF+}
rPois    +         Reflect  +   n - +1 helmet
rElec    +         Harm     .   o - +0 cloak
rCorr    .         Rampage  +   l - +0 pair of gloves {archery}
Will     +....                  g - +0 pair of boots of Eroen {rF+ Str+4}
Stlth    ++........             v - amulet of Finality {Reflect Rampage SH+5}
HPRegen  0.19/turn              t - ring of poison resistance
MPRegen  0.23/turn              b - ring of Fidd {Int+3 SInv}

@: no status effects
A: no striking features
a: Renounce Religion


You were on level 3 of the Lair of Beasts.
You worshipped Vehumet.
Vehumet was most pleased with you.
You visited 3 branches of the dungeon, and saw 16 of its levels.
You also visited: Gauntlet.

You collected 962 gold pieces.
You spent 800 gold pieces at shops.

Inventory:

Hand Weapons
 j - a +3 dagger of flaming
Armour
 g - the +0 pair of boots of Eroen (worn) {rF+ Str+4}
   (You found it in a Gauntlet)

   It affects your strength (+4).
   It protects you from fire.
 l - a +0 pair of gloves of archery (worn)
 n - a +1 helmet (worn)
 o - a +0 cloak (worn)
 p - a +2 robe of willpower
 A - a +2 robe of resistance (worn)
Magical Staves
 L - a staff of air (weapon)
Jewellery
 b - the ring of Fidd (right hand) {Int+3 SInv}
   (You acquired it in a Gauntlet)

   [ring of see invisible]

   It affects your intelligence (+3).
   It lets you see invisible.
 s - an amulet of the acrobat
 t - a ring of poison resistance (left hand)
 v - the amulet of Finality (around neck) {Reflect Rampage SH+5}
   (You took it off a minotaur in a Gauntlet)

   [amulet of reflection]

   It reflects blocked missile attacks.
   It affects your SH (+5).
   It bestows one free step when moving towards enemies.
 K - an amulet of magic regeneration
 P - a +6 ring of intelligence
Wands
 x - a wand of flame (31)
 z - a wand of digging (7)
 C - a wand of paralysis (22)
 O - a wand of polymorph (24)
Scrolls
 a - a scroll of vulnerability
 f - 4 scrolls of fog
 i - 2 scrolls of torment {unknown}
 k - a scroll of brand weapon
 m - a scroll of enchant weapon
 q - 3 scrolls of amnesia
 w - 5 scrolls of teleportation
 B - 2 scrolls of fear
 D - a scroll of blinking
 E - a scroll of immolation
 J - a scroll of silence
 M - a scroll of enchant armour {unknown}
Potions
 c - 4 potions of haste
 d - 5 potions of heal wounds
 e - a potion of experience
 h - 3 potions of curing
 r - a potion of brilliance
 u - 2 potions of might
 F - 4 potions of lignification
 G - 2 potions of flight
 H - a potion of attraction
 N - 2 potions of ambrosia


   Skills:
 - Level 2.4 Dodging
 - Level 2.4 Stealth
 * Level 14.7 Spellcasting
 * Level 13.1 Conjurations
 - Level 9.0 Hexes
 - Level 6.0 Translocations
 * Level 10.5 Fire Magic


You had 11 spell levels left.
You knew the following spells:

 Your Spells              Type           Power      Damage    Failure   Level
a - Magic Dart            Conj           100%       1d8       0%          1
b - Searing Ray           Conj           100%       3d7       0%          2
c - Iskenderun's Mystic   Conj/Tloc      71%        2d14      1%          4
d - Fulminant Prism       Conj/Hex       38%        3d18      1%          4
o - Orb of Destruction    Conj           41%        9d14      2%          7
p - Blink                 Tloc           N/A        N/A       1%          2
q - Iskenderun's Battles  Conj           82%        2d13      1%          5
s - Sticky Flame          Conj/Fire      78%        2d9       1%          4

Your spell library contained the following spells:

 Spells                   Type           Power      Damage    Failure   Level
 Foxfire                  Conj/Fire      100%       2x1d9     0%          1
 Summon Small Mammal      Summ           92%        N/A       1%          1
 Dazzling Flash           Conj/Hex       100%       N/A       1%          3
 Gell's Gravitas          Tloc           29%        N/A       1%          3
 Lesser Beckoning         Tloc           29%        N/A       1%          3
 Summon Guardian Golem    Hex/Summ       51%        N/A       1%          3
 Teleport Other           Tloc           58%        N/A       1%          3
 Cause Fear               Hex            34%        N/A       1%          4
 Bolt of Magma            Conj/Fire/Erth 32%        4d14      1%          5
 Call Imp                 Summ           23%        N/A       2%          2
 Passwall                 Tmut/Erth      19%        N/A       2%          2
 Wereblood                Tmut           23%        N/A       2%          2
 Yara's Violent Unravell  Hex/Tmut       25%        3d11      2%          5
 Manifold Assault         Tloc           58%        N/A       4%          5
 Call Canine Familiar     Summ           23%        N/A       5%          3
 Iron Shot                Conj/Erth      30%        9d6       5%          6
 Silence                  Hex/Air        34%        N/A       9%          5
 Freezing Cloud           Conj/Ice/Air   33%        6-21      13%         6
 Animate Dead             Necr           11%        N/A       19%         4
 Ice Form                 Ice/Tmut       23%        N/A       19%         4
 Summon Ice Beast         Ice/Summ       23%        N/A       19%         4
 Summon Lightning Spire   Summ/Air       35%        N/A       19%         4
 Spellforged Servitor     Conj/Summ      30%        N/A       28%         7
 Alistair's Intoxication  Tmut/Pois      15%        N/A       45%         5
 Borgnjor's Vile Clutch   Necr/Erth      11%        N/A       45%         5
 Death Channel            Necr           11%        N/A       96%         6
 Simulacrum               Ice/Necr       11%        N/A       96%         6
 Statue Form              Tmut/Erth      15%        N/A       96%         6
 Ozocubu's Refrigeration  Ice            11%        4d7       97%         7
 Discord                  Hex            34%        N/A       97%         8


Dungeon Overview and Level Annotations

Branches:
Dungeon (12/15)            Temple (1/1) D:4            Lair (3/6) D:8
  Snake (0/4) Lair:2          Orc (0/2) D:10        Gauntlet (visited)
  Swamp: Lair:2-4    Shoals: Lair:2-4

Altars:
Ashenzari
Dithmenos
Fedhas
Hepliaklqana
Kikubaaqudgha
Makhleb
Nemelex Xobeh
Okawaru
Qazlal
Ru
Sif Muna
Uskayaw
Vehumet
Wu Jian
Xom
Yredelemnul
Zin
The Shining One
Beogh

Shops:
D:4 !   D:7 =*:[   D:9 (*

Annotations:
D:4 3 runed translucent doors, Sassenached's ghost, amateur FoWn
D:9 3 runed translucent doors
D:11 2 transporters, exclusion: upstairs
Lair:1 3 runed translucent doors, 1player's ghost, journeyman DrAK


Message History

Press: ? - help, Shift-Dir - straight line, f/p - boulder beetle
Aim: a boulder beetle (lightly wounded, ally target, 100% to hit)
The magic dart hits the boulder beetle.
The boulder beetle is lightly wounded.
Your battlesphere fires!
The barrage of energy hits the boulder beetle!
The boulder beetle is moderately wounded.
Casting: Magic Dart (safe; 0% risk of failure)
Confirm with . or Enter, or press ? or * to list all spells.
Aiming: Searing Ray (safe; 0% risk of failure)
Press: ? - help, Shift-Dir - straight line, f/p - boulder beetle
Aim: a boulder beetle (moderately wounded, ally target, 100% to hit)
The searing ray hits the boulder beetle but does no damage.
The boulder beetle is moderately wounded. (Press . to maintain the ray.)
Your battlesphere fires!
The barrage of energy hits the boulder beetle!
The boulder beetle is heavily wounded.
The searing ray hits the boulder beetle but does no damage.
The boulder beetle is heavily wounded.
Your battlesphere fires!
The barrage of energy hits the boulder beetle.
The boulder beetle is heavily wounded.
The boulder beetle curls into a ball and begins rolling!
The searing ray hits the boulder beetle!
The boulder beetle is severely wounded.
Your battlesphere fires!
The barrage of energy hits the boulder beetle.
The boulder beetle is severely wounded.
Casting: Searing Ray (safe; 0% risk of failure)
Confirm with . or Enter, or press ? or * to list all spells.
You erupt in a blast of force!
The mystic blast hits the boulder beetle but does no damage.
The boulder beetle is severely wounded.
Your battlesphere fires!
The barrage of energy hits the boulder beetle!
The boulder beetle is almost dead.
The boulder beetle hits you!!!
Ouch! That really hurt!
You die...

##....... #..
... .P...
..##
#........
.P... ...P..#
.....
..#....(*...
#.#...#...(.(
#..........P(
#@B°°....
#...#.....
#.P#. #.....
... .)...
.#..##.. .
#.... ##..##
..# # . .##
#. #


You could see a boulder beetle (rolling, ally target) and a friendly
battlesphere.

Vanquished Creatures
  A minotaur (Gauntlet)
  3 hydras
  A boulder beetle (Lair:1)
  A death yak (D:8)
  2 two-headed ogres
  Erica (Lair:1)
  An obsidian statue (Gauntlet)
  An oklob plant (Gauntlet)
  An elephant (D:8)
  5 cane toads
  2 kobold demonologists (D:9)
  3 komodo dragons
  An ice devil (Gauntlet)
  3 trolls
  A hornet (D:9)
  2 dream sheep
  Sigmund (D:4)
  3 basilisks
  4 wyverns
  22 yaks
  A human (D:10)
  2 vampire mosquitoes (D:11)
  A steam dragon (D:9)
  A warg (D:10)
  Menkaure (D:6)
  2 acid dragons (Gauntlet)
  6 water moccasins
  2 black bears
  4 orc warriors
  2 necrophages (D:5)
  An ice beast (D:5)
  A centaur (D:8)
  A kobold brigand (D:10)
  4 bullfrogs
  2 gnoll sergeants (D:6)
  A water moccasin zombie (D:5)
  A scorpion (D:5)
  A wyvern skeleton (D:6)
  A water moccasin skeleton (D:5)
  9 wights
  2 electric eels (Lair:2)
  A centaur zombie (D:5)
  A human zombie (D:5)
  2 bullfrog zombies (D:5)
  A bullfrog skeleton (D:6)
  A centaur skeleton (D:4)
  2 gnoll shamans
  4 orc priests
  A jelly (D:6)
  Jessica (D:3)
  Natasha (D:3)
  5 iguanas
  13 orc wizards
  A mummy (D:5)
  3 howler monkey zombies
  Robin (D:3)
  18 gnolls
  7 adders
  2 shadow imps
  3 white imps (Gauntlet)
  3 ufetubi
  2 worms
  42 orcs
  3 ball pythons (D:1)
  8 bats
  8 endoplasms
  5 giant cockroaches
  12 goblins
  7 hobgoblins
  3 jackals (D:5)
  2 quokkas
  6 frilled lizards
  16 kobolds
  4 rats
294 creatures vanquished.

Vanquished Creatures (others)
  71 fulminant prisms
  10 fungi
  12 plants
93 creatures vanquished.

Grand Total: 387 creatures vanquished

Notes
Turn   | Place    | Note
-------+----------+-------------------------------------------
     0 | D:1      | lorenzova the Deep Elf Conjurer began the quest for the
                  | Orb.
     0 | D:1      | Reached XP level 1. HP: 10/10 MP: 6/6
   308 | D:1      | Reached XP level 2. HP: 15/15 MP: 5/8
   312 | D:1      | Learned a level 2 spell: Searing Ray
   960 | D:2      | Reached skill level 4 in Spellcasting
   960 | D:2      | Reached skill level 5 in Conjurations
   960 | D:2      | Reached XP level 3. HP: 19/19 MP: 6/10
  1591 | D:3      | Found a faded altar of an unknown god.
  1608 | D:3      | Reached XP level 4. HP: 10/24 MP: 5/12
  1612 | D:3      | Reached skill level 5 in Spellcasting
  2012 | D:3      | Noticed Robin
  2020 | D:3      | Killed Robin
  2402 | D:3      | Reached XP level 5. HP: 28/28 MP: 11/14
  2509 | D:3      | Noticed Jessica
  2511 | D:3      | Killed Jessica
  2704 | D:3      | Noticed Natasha
  2712 | D:3      | Killed Natasha
  2713 | D:3      | Reached skill level 6 in Spellcasting
  3441 | D:4      | Found a staircase to the Ecumenical Temple.
  3448 | D:4      | Reached XP level 6. HP: 30/32 MP: 10/17
  3455 | D:4      | Learned a level 4 spell: Iskenderun's Mystic Blast
  3460 | D:4      | Learned a level 4 spell: Fulminant Prism
  3508 | Temple   | Entered the Ecumenical Temple
  3614 | Temple   | Became a worshipper of Vehumet
  3715 | D:4      | Noticed Sigmund
  3723 | D:4      | Found Iwara's Distillery.
  3745 | D:4      | Bought a potion of heal wounds for 50 gold pieces
  3807 | D:4      | Killed Sigmund
  3808 | D:4      | Reached skill level 7 in Spellcasting
  3808 | D:4      | Reached skill level 1 in Hexes
  3808 | D:4      | Reached skill level 1 in Translocations
  3933 | D:4      | Reached XP level 7. HP: 36/36 MP: 12/19
  4099 | D:4      | Found a runed translucent gate.
  4101 | D:4      | Found a runed translucent gate.
  4101 | D:4      | Found a runed translucent gate.
  4102 | D:4      | Noticed Sassenached's ghost (amateur FoWn)
  4259 | D:5      | Entered Level 5 of the Dungeon
  4576 | D:5      | Identified the +0 robe "Lusoow" {rElec rPois Int-4}
  4980 | D:5      | Reached skill level 8 in Spellcasting
  5030 | D:5      | Found an ancient bone altar of Kikubaaqudgha.
  5101 | D:5      | Reached XP level 8. HP: 35/41 MP: 11/22
  5555 | D:5      | Found a shimmering blue altar of Sif Muna.
  5573 | D:5      | Reached skill level 9 in Spellcasting
  5577 | D:5      | Identified the Volume of the Shifting Entourage
  5797 | D:6      | Reached * piety under Vehumet
  5797 | D:6      | Offered knowledge of Foxfire by Vehumet.
  5844 | D:6      | Learned a level 1 spell: Foxfire
  5886 | D:6      | Noticed Menkaure
  5892 | D:6      | Killed Menkaure
  5893 | D:6      | Reached skill level 1 in Fire Magic
  6573 | D:6      | Reached XP level 9. HP: 45/45 MP: 18/24
  7298 | D:7      | Reached skill level 5 in Hexes
  7552 | D:7      | Found Pari Jacuc's General Store.
  7560 | D:7      | Bought a scroll of blinking for 120 gold pieces
  7620 | D:7      | Reached skill level 10 in Spellcasting
  7773 | D:7      | Found Luhibun's Jewellery Emporium.
  8098 | D:7      | Found Pygrugu's Antique Armour Shoppe.
  8099 | D:7      | Found Poabluwk's Book Shop.
  8659 | D:8      | Found a staircase to the Lair.
  8659 | D:8      | Noticed an elephant
  8660 | D:8      | Noticed a death yak
  9004 | D:8      | Offered knowledge of Freeze by Vehumet.
  9097 | D:8      | Killed an elephant
  9097 | D:8      | Reached ** piety under Vehumet
  9428 | D:8      | Reached skill level 5 in Translocations
  9944 | D:8      | Killed a death yak
  9945 | D:8      | Reached skill level 11 in Spellcasting
  9945 | D:8      | Reached skill level 10 in Conjurations
  9945 | D:8      | Reached skill level 5 in Fire Magic
  9945 | D:8      | Reached XP level 10. HP: 50/50 MP: 0/27
 10269 | D:9      | Found a runed translucent gate.
 10269 | D:9      | Found a runed translucent gate.
 10270 | D:9      | Found a runed translucent gate.
 10283 | D:9      | Noticed a brown ugly thing
 10284 | D:9      | Noticed a white ugly thing
 10286 | D:9      | Noticed a white ugly thing
 10286 | D:9      | Noticed a cyan very ugly thing
 10289 | D:9      | Noticed a cyan ugly thing
 10492 | D:9      | Found Oqifoodoywk's Assorted Antiques.
 10810 | D:9      | You fall into a shaft and drop 2 floors!
 10839 | D:10     | Entered Level 10 of the Dungeon
 11161 | D:10     | Learned a level 2 spell: Blink
 11193 | D:10     | Reached skill level 12 in Spellcasting
 11363 | D:11     | Noticed a two-headed ogre
 11386 | D:11     | Killed a two-headed ogre
 11557 | D:11     | Found a transporter.
 11632 | D:11     | Found a transporter.
 11633 | D:11     | Noticed a manticore
 11639 | D:11     | Noticed a moth of wrath
 11712 | D:10     | Reached XP level 11. HP: 54/54 MP: 22/29
 11720 | D:10     | Offered knowledge of Stone Arrow by Vehumet.
 12059 | D:9      | Found a hazy altar of Hepliaklqana.
 12082 | D:10     | Found a staircase to the Orcish Mines.
 12164 | D:10     | Reached *** piety under Vehumet
 12668 | D:9      | Found Vapaoqoj's Hydra Hut.
 12672 | D:9      | Noticed an eight-headed hydra
 12850 | D:9      | Noticed a two-headed ogre
 12859 | D:9      | Killed a two-headed ogre
 13047 | D:9      | Found a glowing silver altar of Zin.
 13474 | Lair:1   | Entered Level 1 of the Lair of Beasts
 13574 | Lair:1   | Found a runed translucent gate.
 13585 | Lair:1   | Found a runed translucent gate.
 13585 | Lair:1   | Found a runed translucent gate.
 13586 | Lair:1   | Noticed 1player's ghost (journeyman DrAK)
 13605 | Lair:1   | Noticed a five-headed hydra
 13658 | Lair:1   | Killed a five-headed hydra
 13659 | Lair:1   | Reached skill level 13 in Spellcasting
 13787 | Lair:1   | Noticed Erica
 13794 | Lair:1   | Killed Erica
 14272 | Lair:1   | Offered knowledge of Sticky Flame by Vehumet.
 14344 | Lair:1   | Learned a level 4 spell: Sticky Flame
 14952 | Lair:2   | Found a gate leading to a gauntlet.
 14961 | Gauntlet | Entered a Gauntlet
 14961 | Gauntlet | Found a transporter.
 14961 | Gauntlet | Found a transporter.
 14967 | Gauntlet | Found a transporter.
 14979 | Gauntlet | Found a transporter.
 14996 | Gauntlet | Noticed an oklob plant
 14997 | Gauntlet | Found a transporter.
 14997 | Gauntlet | Found a transporter.
 14997 | Gauntlet | Found a transporter.
 14999 | Gauntlet | Found a transporter.
 14999 | Gauntlet | Found a transporter.
 15001 | Gauntlet | Noticed a purple ugly thing
 15001 | Gauntlet | Noticed a great orb of eyes
 15002 | Gauntlet | Noticed a brown ugly thing
 15011 | Gauntlet | Found a transporter.
 15011 | Gauntlet | Noticed an obsidian statue
 15027 | Gauntlet | Found a transporter.
 15037 | Gauntlet | Found a transporter.
 15041 | Gauntlet | Noticed a ghost crab
 15042 | Gauntlet | Found a transporter.
 15076 | Gauntlet | Found a transporter.
 15076 | Gauntlet | Noticed a wizard
 15159 | Gauntlet | Identified a scroll of acquirement
 15159 | Gauntlet | Acquired the ring of Fidd {Int+3 SInv}
 15664 | Gauntlet | Killed an oklob plant
 15670 | Gauntlet | Identified the +0 pair of boots of Eroen {rF+ Str+4}
 15844 | Gauntlet | Killed an obsidian statue
 15845 | Gauntlet | Reached XP level 12. HP: 59/59 MP: 22/31
 15869 | Gauntlet | Identified the amulet of Finality {Reflect Rampage SH+5}
 15869 | Gauntlet | Noticed a minotaur
 15885 | Gauntlet | Killed a minotaur
 15886 | Gauntlet | Reached skill level 14 in Spellcasting
 16196 | Lair:2   | Found a staircase to the Snake Pit.
 16409 | D:7      | Bought a book of Power for 630 gold pieces
 16416 | D:7      | Learned a level 5 spell: Iskenderun's Battlesphere
 16424 | D:7      | Learned a level 7 spell: Orb of Destruction
 17039 | Lair:2   | Reached skill level 10 in Fire Magic
 17046 | Lair:2   | Noticed a boulder beetle
 17274 | Lair:1   | Killed a boulder beetle
 17382 | Lair:2   | Noticed a six-headed hydra
 17388 | Lair:2   | Killed a six-headed hydra
 17604 | Lair:2   | Noticed a six-headed hydra
 17608 | Lair:2   | Killed a six-headed hydra
 17931 | Lair:3   | Noticed a boulder beetle
 17950 | Lair:3   | Slain by a boulder beetle

Illustrated notes

Levels and vault maps discovered:
D:1:      roderic_chinese_lattice_arrival, layout_basic
D:2:      layout_rooms, hangedman_decor_peaks_small
D:3:      layout_loops_cross, shapermc_ecumenical_altar_notcrosses,
          kennysheep_potato, uniq_natasha, uniq_jessica, uniq_robin
D:4:      layout_cave_pools, minmay_temple_entry_sparse_star,
          biasface_ghost_orc_armoury, serial_shops, shop_statue, uniq_sigmund
D:5:      layout_loops_ring, overflow_temple_1_default,
          lemuel_mausoleum_altar_kikubaaqudgha
D:6:      layout_loops_ring, uniq_menkaure
D:7:      layout_basic, serial_shops, shop, shop, shop_coins,
          nicolae_shop_competitors_out_of_business
D:8:      layout_cave_pods, david_lair_generic, hangedman_decor_push
D:9:      layout_cross, zin_scriptorium, nicolae_overflow_hidden_temple,
          ploomutoo_gammafunk_ghost_potion_laboratory, serial_shops,
          nicolae_shop_behind_doors, doesnt_shop_hydraphobe
D:10:     layout_rooms, erik_orc_4
D:11:     layout_small_grid, gammafunk_ghost_berserking_beasts, uniq_harold
D:12:     layout_stronghold, elyvilon_altar_3, uniq_urug, uniq_snorg
Temple:   regret_index_temple_mists
Lair:1:   layout_small_grid, gammafunk_ghost_necromancy, uniq_erica
Lair:2:   layout_chaotic_city, dummy_snake_entry, gauntlet_entry_generic,
          fungi_pond_lemuel, hangedman_lair_generics_rect
Lair:3:   layout_loops_ring, lemuel_fruit_tree, uniq_rupert, uniq_nergalle

Skill      XL: |  1  2  3  4  5  6  7  8  9 10 11 12 |
---------------+-------------------------------------+-----
Spellcasting   | 4 5 6 7 8 9 11 12 13 14 | 14.7
Conjurations   | 5 6 7 9 10 11 12 13 | 13.1
Hexes          | 1 3 4 6 7 9 |  9.0
Translocations | 1 2 4 5 6 |  6.0
Fire Magic     | 2 5 7 9 10 | 10.5
Dodging        | |  2.4
Stealth        | |  2.4

Action                   |  1- 3 |  4- 6 |  7- 9 | 10-12 || total
-------------------------+-------+-------+-------+-------++-------
Melee: Staff             |       |       |       |     1 ||     1
 Cast: Magic Dart        |    69 |    54 |    80 |    74 ||   277
       Searing Ray       |     2 |    16 |    67 |    48 ||   133
       Fulminant Prism   |       |       |    16 |    56 ||    72
       Iskenderun's Myst |       |       |     1 |    43 ||    44
       Sticky Flame      |       |       |       |     4 ||     4
       Iskenderun's Batt |       |       |       |     8 ||     8
  Use: Scroll            |       |       |       |    22 ||    22
       Potion            |       |       |       |     1 ||     1
Armor: Robe              |     5 |       |     8 |    13 ||    26
Dodge: Dodged            |     2 |     7 |    44 |    31 ||    84
Block: Other             |       |       |       |     1 ||     1

Table legend: (Time is in decaauts)
 A = Elapsed time spent in this place.
 B = Non-inter-level travel time spent in this place.
 C = Inter-level travel time spent in this place.
 D = Time resting spent in this place.
 E = Time spent auto-exploring this place.
 F = Levels seen in this place.
 G = Mean time per level.
                   A        B        C        D        E       F      G
               +--------+--------+--------+--------+--------+-----+--------+
         Total |  17999 |  16789 |   1210 |   6821 |   6974 |  17 | 1058.8 |
       Dungeon |  13705 |  12661 |   1044 |   5084 |   5514 |  12 | 1142.1 |
        Temple |    143 |    132 |     11 |      0 |    126 |   1 |  143.0 |
          Lair |   2961 |   2806 |    155 |   1152 |   1194 |   3 |  987.0 |
      Gauntlet |   1189 |   1189 |      0 |    585 |    140 |   1 | 1189.0 |
               +--------+--------+--------+--------+--------+-----+--------+

Top non-repeatable levels by time:
     D:8: 2345 daAuts
  Lair:1: 1732 daAuts
     D:7: 1725 daAuts
     D:3: 1577 daAuts
     D:5: 1395 daAuts
     D:6: 1210 daAuts
Gauntlet: 1189 daAuts
  Lair:2: 1132 daAuts
    D:10: 981 daAuts
     D:1: 937 daAuts
     D:9: 910 daAuts
    D:11: 861 daAuts
     D:4: 837 daAuts
     D:2: 793 daAuts
  Temple: 143 daAuts
